 Dungeon Crawl Stone Soup version 0.28-a0-938-gbc3f381ebc (webtiles) character file.

Game seed: 17439764471188563657

27640 blank1 the Warrior (level 13, -9/92 HPs)
             Began as a Gargoyle Fighter on Nov 28, 2021.
             Was the Champion of Okawaru.
             Killed from afar by a bog body (24 damage)
             ... with a bolt of cold
             ... on level 3 of the Lair of Beasts on Nov 29, 2021.
             The game lasted 00:37:20 (18917 turns).

blank1 the Warrior (Gargoyle Fighter)              Turns: 18917, Time: 00:37:20

Health: -9/92      AC: 34    Str: 23    XL:     13   Next: 33%
Magic:  16/16      EV:  7    Int: 10    God:    Okawaru [******]
Gold:   661        SH:  9    Dex: 10    Spells: 12/12 levels left

rFire   . . .      SeeInvis .   H - +2 flail (protect)
rCold   . . .      Faith    +   B - +0 kite shield
rNeg    + . .      Spirit   .   c - +0 plate armour
rPois   ∞          Reflect  .   D - +1 helmet
rElec   +          Harm     .   y - +0 cloak
rCorr   .          Rampage  .   z - +0 pair of gloves {Stlth+}
Will    .....                   I - +0 pair of boots
Stlth   ..........              p - amulet of faith
HPRegen 0.25/turn               o - +4 ring of protection
MPRegen 0.15/turn               t - +4 ring of slaying

@: about to teleport, slowed, very slow
A: sickness immunity, AC +9, negative energy resistance 1, electricity
resistance, torment resistance 1, petrification resistance
a: Renounce Religion, Heroism, Finesse, Duel


You were on level 3 of the Lair of Beasts.
You worshipped Okawaru.
Okawaru was exalted by your worship.
You visited 3 branches of the dungeon, and saw 15 of its levels.
You also visited: Sewer.

You collected 661 gold pieces.

Inventory:

Hand Weapons
 C - a +2 scimitar of flaming
 H - a +2 flail of protection (weapon)
Missiles
 a - 5 silver javelins
 b - 4 throwing nets
 v - 2 javelins (quivered)
Armour
 c - a +0 plate armour (worn)
 y - a +0 cloak (worn)
 z - a +0 pair of gloves of stealth (worn)
 B - a +0 kite shield (worn)
 D - a +1 helmet (worn)
 I - a +0 pair of boots (worn)
Jewellery
 o - a +4 ring of protection (left hand)
 p - an amulet of faith (around neck)
 t - a +4 ring of slaying (right hand)
 F - a ring of ice
 G - a ring of flight
Wands
 q - a wand of digging (7)
 x - a wand of polymorph (21)
 A - a wand of iceblast (17)
Scrolls
 j - 5 scrolls of blinking
 l - 6 scrolls of enchant weapon
 m - 6 scrolls of magic mapping
 s - 5 scrolls of teleportation
 u - a scroll of fog
 J - a scroll of identify
Potions
 d - a potion of might
 e - 2 potions of curing
 f - 3 potions of flight
 g - 3 potions of brilliance
 h - 3 potions of mutation
 i - 2 potions of lignification
 k - a potion of resistance
 n - 2 potions of attraction
 w - a potion of haste
 E - a potion of magic
 K - a potion of cancellation {unknown}


   Skills:
 - Level 15.0 Fighting
 + Level 11.2 Maces & Flails
 - Level 10.0 Armour
 + Level 7.3 Dodging
 - Level 7.0 Shields
 - Level 5.0 Invocations


You had 12 spell levels left.
You didn't know any spells.
Your spell library contained the following spells:

 Spells                   Type           Power      Damage    Failure   Level
 Beastly Appendage        Tmut           0%         N/A       100%        1
 Sandblast                Erth           0%         2d4       100%        1
 Corpse Rot               Necr/Air       0%         N/A       100%        2
 Passwall                 Tmut/Erth      0%         N/A       100%        2
 Poisonous Vapours        Pois/Air       0%         N/A       100%        2
 Wereblood                Tmut           0%         N/A       100%        2
 Dazzling Flash           Conj/Hex       0%         N/A       100%        3
 Gell's Gravitas          Tloc           0%         N/A       100%        3
 Spider Form              Tmut/Pois      0%         N/A       100%        3
 Stone Arrow              Conj/Erth      0%         3d7       100%        3
 Teleport Other           Tloc           0%         N/A       100%        3
 Iskenderun's Mystic Bla  Conj/Tloc      0%         2d3       100%        4
 Borgnjor's Vile Clutch   Necr/Erth      0%         N/A       100%        5
 Dispersal                Tloc           0%         N/A       100%        6
 Starburst                Conj/Fire      0%         6d3       100%        6
 Animate Dead             Necr           Unusable   N/A       N/A         4
 Death Channel            Necr           Unusable   N/A       N/A         6

Dungeon Overview and Level Annotations

Branches:
Dungeon (10/15)            Temple (1/1) D:4            Lair (4/6) D:9
  Swamp (0/4) Lair:3        Sewer (visited)
  Snake: Lair:2-4    Spider: Lair:2-4       Orc: D:9-12

Altars:
Cheibriados
Dithmenos
Hepliaklqana
Makhleb
Nemelex Xobeh
Okawaru
Qazlal
Sif Muna
Uskayaw
Vehumet
Wu Jian
Yredelemnul

Shops:
D:2 !   D:9 *


Innate Abilities, Weirdness & Mutations

You are immune to sickness and miasma.
Your stone body is resilient. (AC +9)
You are immune to poison.
You resist negative energy. (rN+)
You are resistant to electric shocks. (rElec)
You are resistant to unholy torment.
You are immune to petrification.


Message History

The swamp worm is moderately wounded.
The swamp worm bites you but does no damage.
The bog body touches you! The bog body freezes you!!
You are too injured to fight recklessly!
You are too injured to fight recklessly!
You are too injured to fight recklessly!
You are too injured to fight recklessly!
The swamp worm fires a harpoon shot at you.
The harpoon shot hits you but does no damage.
The bog body casts a spell at you.
You feel yourself slow down. The swamp worm bites you.
The swamp worm bites you but does no damage.
You thump the swamp worm!
Your weapon exudes an aura of protection.
The swamp worm is heavily wounded.
The swamp worm bites you. The bog body touches you!
* * * LOW HITPOINT WARNING * * *
The bog body freezes you!
* * * LOW HITPOINT WARNING * * *
The swamp worm bites you but does no damage.
You feel much better.
The swamp worm bites you but does no damage.
The swamp worm closely misses you. The bog body casts a spell at you.
You resist with significant effort.
As you read the scroll of teleportation, it crumbles to dust.
You feel strangely unstable. You block the swamp worm's attack.
The swamp worm bites you but does no damage.
The swamp worm fires a harpoon shot at you.
The harpoon shot hits you!
* * * LOW HITPOINT WARNING * * *
You are yanked forward by the harpoon shot.
The bog body gestures at you while chanting.
The bolt of cold hits you.
* * * LOW HITPOINT WARNING * * *
The swamp worm barely misses you. The bog body casts a spell at you.
The bolt of cold hits you!!
You die...

# .......... # ### #......... #
##.## #......... # ##...#
##........† ##....## #........###
###......###.......## #
#.....⌠⌠............
#####...♣..♣.#........##
###.......♣.@♣...........#
##........♣♣nw♣♣.........# #
#.........♣≈♣.≈♣.........## #
##........♣≈..≈♣..........### ##
#.........♣≈♣.≈♣..........Y.##
.####........♣≈..≈♣.....#......#.
...#........♣♣♣.♣♣♣♣....##.......
............♣♣≈..≈♣♣.....##......
............♣♣≈.♣≈♣♣....#######..


You could see a bog body and a swamp worm.

Vanquished Creatures
  A hydra (Lair:3)
  Harold (Lair:2)
  A death knight (D:8)
  A catoblepas (Lair:3)
  Erica (D:9)
  2 two-headed ogres
  Sonja (Lair:2)
  A black mamba (Lair:3)
  5 centaur zombies
  Joseph (D:10)
  6 elephants
  9 cane toads
  2 rime drakes (Lair:3)
  2 komodo dragons (Lair:3)
  A polar bear (Lair:2)
  16 blink frogs
  2 shadows
  A wraith (D:10)
  A vampire (D:10)
  6 wyverns
  23 yaks
  Grum (D:10)
  5 basilisks
  3 swamp worms (Lair:3)
  9 water moccasins
  A hornet zombie (D:8)
  4 orc warriors
  A necrophage (D:8)
  2 sky beasts
  An ice beast (D:8)
  4 ogres
  12 wolves
  7 centaurs
  4 kobold brigands
  A phantom (D:6)
  8 bullfrogs
  2 wyvern zombies
  A scorpion (D:5)
  A gnoll sergeant (D:8)
  A water moccasin skeleton (D:4)
  10 killer bees
  5 wights
  A howler monkey (D:4)
  A lava snake (D:8)
  A bullfrog zombie (D:6)
  4 hounds
  4 orc priests
  A jelly (D:5)
  2 centaur skeletons (D:7)
  Ijyb (D:3)
  3 iguanas
  4 orc wizards
  4 hell rats (Lair:3)
  A killer bee zombie (D:7)
  A hound zombie (D:5)
  A hound skeleton (D:5)
  2 howler monkey zombies
  7 gnolls
  16 adders
  2 white imps
  2 ufetubi (D:4)
  An adder zombie (D:5)
  2 worms
  2 dart slugs (D:1)
  40 orcs
  10 bats
  15 endoplasms
  11 giant cockroaches
  8 hobgoblins
  3 jackals (D:2)
  21 kobolds
  8 quokkas (Sewer)
  19 ball pythons
  11 frilled lizards
  4 goblins
  8 rats
388 creatures vanquished.

Vanquished Creatures (others)
  An orc wizard (D:9)
  18 fungi
  26 plants
45 creatures vanquished.

Grand Total: 433 creatures vanquished

Notes
Turn   | Place    | Note
-------+----------+-------------------------------------------
     0 | D:1      | blank1 the Gargoyle Fighter began the quest for the Orb.
     0 | D:1      | Reached XP level 1. HP: 14/14 MP: 1/1
   264 | D:1      | Reached XP level 2. HP: 19/19 MP: 2/2
  1074 | D:1      | Found a faded altar of an unknown god.
  1127 | D:1      | Reached XP level 3. HP: 23/23 MP: 3/3
  1483 | D:2      | Found Diarryt's Distillery.
  1570 | D:2      | Reached skill level 1 in Dodging
  1723 | D:2      | Reached XP level 4. HP: 29/29 MP: 4/4
  1757 | D:2      | HP: 1/29 [gnoll (1)]
  2822 | D:3      | Reached skill level 4 in Fighting
  2822 | D:3      | Reached XP level 5. HP: 33/33 MP: 5/5
  3042 | D:3      | Noticed Ijyb
  3062 | D:3      | Killed Ijyb
  3673 | D:4      | Reached XP level 6. HP: 36/38 MP: 6/6
  4220 | D:4      | Found a staircase to the Ecumenical Temple.
  5038 | Temple   | Entered the Ecumenical Temple
  5046 | Temple   | Became a worshipper of Warmaster Okawaru
  5102 | D:5      | Entered Level 5 of the Dungeon
  5118 | D:5      | Reached XP level 7. HP: 30/44 MP: 7/7
  5123 | D:5      | Found a glowing drain.
  5138 | D:5      | Reached skill level 5 in Fighting
  5160 | D:5      | Reached skill level 1 in Invocations
  5174 | Sewer    | Entered a sewer
  5301 | Sewer    | Reached skill level 5 in Maces & Flails
  5950 | Sewer    | Reached * piety under Okawaru
  6341 | D:5      | Reached XP level 8. HP: 50/51 MP: 10/10
  6536 | D:5      | Reached skill level 6 in Fighting
  6843 | D:6      | Found a hazy altar of Hepliaklqana.
  6853 | D:6      | Reached ** piety under Okawaru
  6903 | D:6      | Reached skill level 5 in Armour
  7161 | D:6      | Reached skill level 7 in Fighting
  7235 | D:6      | Found a shimmering blue altar of Sif Muna.
  8084 | D:7      | Reached XP level 9. HP: 57/57 MP: 12/12
  8516 | D:7      | Reached *** piety under Okawaru
  8517 | D:7      | Reached skill level 8 in Fighting
  8920 | D:8      | Reached **** piety under Okawaru
  8921 | D:8      | Reached skill level 9 in Fighting
  9610 | D:8      | Found a hide-covered altar of Uskayaw.
  9623 | D:8      | Noticed a two-headed ogre
  9638 | D:8      | Killed a two-headed ogre
  9639 | D:8      | Reached skill level 10 in Fighting
  9639 | D:8      | Reached XP level 10. HP: 68/68 MP: 11/13
  9661 | D:8      | Reached ***** piety under Okawaru
  9755 | D:8      | Noticed a death knight
  9799 | D:8      | Killed a death knight
 10327 | D:8      | Identified the +0 robe of the Robin {rF+} (Okawaru gifted
                  | it to you on level 8 of the Dungeon)
 10327 | D:8      | Received a gift from Okawaru
 10808 | D:9      | Noticed Erica
 10816 | D:9      | Killed Erica
 10817 | D:9      | Reached skill level 5 in Shields
 11216 | D:9      | Reached skill level 5 in Dodging
 11216 | D:9      | Reached XP level 11. HP: 70/73 MP: 14/14
 11248 | D:9      | Reached skill level 11 in Fighting
 11396 | D:9      | Found a staircase to the Lair.
 11575 | D:9      | Found Eduojayq's Overcharged Wands.
 11700 | D:9      | Found an ornate altar of the Wu Jian Council.
 12009 | D:10     | Entered Level 10 of the Dungeon
 12200 | D:10     | Noticed a two-headed ogre
 12214 | D:10     | Killed a two-headed ogre
 12339 | D:10     | Reached skill level 10 in Armour
 12628 | D:10     | Noticed Joseph
 12646 | D:10     | Killed Joseph
 12647 | D:10     | Reached skill level 12 in Fighting
 12650 | D:10     | Received a gift from Okawaru
 13172 | D:10     | Noticed Grum
 13191 | D:10     | Killed Grum
 13423 | Lair:1   | Entered Level 1 of the Lair of Beasts
 13674 | Lair:1   | Reached XP level 12. HP: 74/81 MP: 15/15
 13798 | Lair:1   | Reached ****** piety under Okawaru
 13998 | Lair:1   | Identified the +0 robe "Qejuludoff" {rF+ Slay+3}
 14754 | Lair:2   | Noticed Harold
 14904 | Lair:2   | Killed Harold
 15633 | Lair:2   | Reached skill level 10 in Maces & Flails
 15970 | Lair:4   | Noticed a catoblepas
 15995 | Lair:3   | Reached skill level 13 in Fighting
 16009 | Lair:3   | Received a gift from Okawaru
 16039 | Lair:3   | Received a gift from Okawaru
 16478 | Lair:3   | Reached skill level 5 in Invocations
 16693 | Lair:3   | Reached skill level 14 in Fighting
 16752 | Lair:3   | Killed a catoblepas
 17437 | Lair:2   | Noticed Sonja
 17450 | Lair:2   | Killed Sonja
 17451 | Lair:2   | Reached XP level 13. HP: 79/91 MP: 8/16
 18458 | Lair:3   | Reached skill level 15 in Fighting
 18536 | Lair:3   | Received a gift from Okawaru
 18887 | Lair:3   | Found a staircase to the Swamp.
 18917 | Lair:3   | Killed from afar by a bog body

Illustrated notes

Levels and vault maps discovered:
D:1:      dpeg_arrival_simpleton_c, layout_loops_corners,
          dilly_ecumenical_altar_fadedgnrine, minmay_tetromino_t2
D:2:      layout_loops_ring, serial_shops, shop_statue, st_stairs_12,
          minmay_hedge_maze, grunt_ministairs_11, minmay_misc_feat_tiny
D:3:      layout_loops_ring, serial_forest, infiniplex_forest_straight_2,
          infiniplex_forest_end_1, infiniplex_forest_clump_tiny,
          infiniplex_forest_clump_large, infiniplex_forest_clump_tiny,
          infiniplex_forest_lined_2, infiniplex_forest_end_2, uniq_ijyb
D:4:      layout_loops_cross, minmay_temple_entry_statues,
          serial_co_window_serial, co_window_paths_a, co_window_corner_a,
          co_window_paths_a, co_window_cross_1, co_window_paths_b,
          co_window_corner_cb, co_window_corner_b, co_window_broadway_c,
          co_window_2corner, co_window_4corner_b, co_window_paths_d,
          glass_columns_b, glass_columns_b
D:5:      layout_basic, gup_sewer_entry_glass
D:6:      layout_rooms, mainiacjoe_overflow_big_doors,
          kennysheep_generic_room_15
D:7:      layout_gridville, st_stairs_4
D:8:      minmay_bubble_buster, layout_loops_ring, nicolae_uskayaw_suspiria,
          grunt_ministairs_11, kennysheep_generic_room_4
D:9:      layout_loops_ring, nzn_wu_jian_contemplation, minmay_lair_entry_grove,
          nicolae_shop_overcharged_wands, uniq_erica
D:10:     layout_roguey [special_room_orc], uniq_joseph, uniq_grum
Temple:   eino_narrow_crystal_temple
Lair:1:   layout_cave_pods
Lair:2:   layout_layer_cave, grunt_megastairs_2, serial_bayou_shore_b,
          uniq_sonja, uniq_harold
Lair:3:   layout_cave_pods, nicolae_swamp_entry_splash_gauntlet
Lair:4:   layout_roguey [special_room_mythical_zoo], spider_nest_entry_webs,
          serial_bayou_shore_b

Skill      XL: |  1  2  3  4  5  6  7  8  9 10 11 12 13 |
---------------+----------------------------------------+-----
Dodging        | 1 2 3 5 6 7 |  7.3
Fighting       | 4 5 7 10 12 14 15 | 15.0
Armour         | 4 5 6 8 10 | 10.0
Shields        | 4 5 6 7 |  7.0
Maces & Flails | 4 5 7 8 9 10 11 | 11.2
Invocations    | 3 4 5 |  5.0

Action                   |  1- 3 |  4- 6 |  7- 9 | 10-12 | 13-15 || total
-------------------------+-------+-------+-------+-------+-------++-------
Melee: Flail             |   114 |   204 |   498 |   922 |   175 ||  1913
Throw: Throwing net      |       |       |     3 |       |       ||     3
       Javelin           |       |       |       |     1 |       ||     1
Invok: Heroism           |       |       |     1 |     8 |     1 ||    10
       Finesse           |       |       |       |     5 |       ||     5
Evoke: Wand              |       |       |       |     2 |       ||     2
  Use: Scroll            |       |     4 |     6 |    14 |     1 ||    25
       Potion            |       |       |       |     1 |     1 ||     2
 Stab: Held in net/web   |       |       |     1 |       |       ||     1
       Petrified         |       |       |       |     2 |       ||     2
Armor: Scale mail        |    83 |   126 |   187 |       |       ||   396
       Chain mail        |       |       |   106 |    33 |       ||   139
       Plate armour      |       |       |       |   757 |   152 ||   909
Dodge: Dodged            |    60 |   119 |   275 |   285 |    45 ||   784
Block: Buckler           |    19 |    52 |    93 |       |       ||   164
       Kite shield       |       |       |     2 |   497 |    86 ||   585

Table legend: (Time is in decaauts)
 A = Elapsed time spent in this place.
 B = Non-inter-level travel time spent in this place.
 C = Inter-level travel time spent in this place.
 D = Time resting spent in this place.
 E = Time spent auto-exploring this place.
 F = Levels seen in this place.
 G = Mean time per level.
                   A        B        C        D        E       F      G
               +--------+--------+--------+--------+--------+-----+--------+
         Total |  19177 |  18405 |    772 |   3387 |  10877 |  16 | 1198.6 |
       Dungeon |  12735 |  12099 |    636 |   2092 |   7436 |  10 | 1273.5 |
        Temple |     14 |      9 |      5 |      0 |      0 |   1 |   14.0 |
          Lair |   5499 |   5368 |    131 |   1134 |   3134 |   4 | 1374.8 |
         Sewer |    928 |    928 |      0 |    161 |    307 |   1 |  928.0 |
               +--------+--------+--------+--------+--------+-----+--------+

Top non-repeatable levels by time:
  Lair:2: 2090 daAuts
     D:8: 2025 daAuts
  Lair:3: 1962 daAuts
     D:4: 1541 daAuts
  Lair:1: 1437 daAuts
     D:2: 1406 daAuts
     D:1: 1270 daAuts
     D:6: 1222 daAuts
    D:10: 1212 daAuts
     D:9: 1208 daAuts
     D:7: 979 daAuts
     D:3: 943 daAuts
   Sewer: 928 daAuts
     D:5: 924 daAuts
  Temple: 14 daAuts
